 Dungeon Crawl Stone Soup version 0.20.0-8-g6b59dc7 (webtiles) character file.

11523 Chifra the Fighter (level 11, -7/87 HPs)
             Began as a Demonspawn Gladiator on May 31, 2017.
             Was an Elder of Kikubaaqudgha.
             Hit by a large rock thrown by a stone giant (33 damage)
             ... on level 10 of the Dungeon.
             The game lasted 00:46:55 (14129 turns).

Chifra the Fighter (Demonspawn Gladiator)          Turns: 14129, Time: 00:46:56

Health: -7/87      AC: 13    Str: 21    XL:     11   Next: 50%
Magic:  18/18      EV: 27    Int: 14    God:    Kikubaaqudgha [****..]
Gold:   380        SH:  0    Dex: 27    Spells: 0/19 levels left

rFire    + . .     SeeInvis .   N - +7 quarterstaff of Tom Odabbee {chaos, Dex+2 Stlth+}
rCold    . . .     Gourm    .   (shield currently unavailable)
rNeg     + . .     Faith    .   y - +0 leather armour {rF+}
rPois    +         Spirit   .   P - +0 helmet of the Lily {*Drain rElec rN+ Int+2}
rElec    +         Reflect  .   w - +2 cloak {rPois}
rCorr    .         Harm     .   A - +1 pair of gloves
MR       .....                  (no boots)
Stlth    ++++......             r - amulet of rage
Regen    0.3/turn               m - +2 ring of evasion
MPRegen  0.2/turn               J - +6 ring of dexterity

@: mighty, agile, about to teleport
A: hooves 1, icy blue scales 1, spiny 1
a: Receive Corpses, Renounce Religion, Evoke Berserk Rage


You were on level 10 of the Dungeon.
You worshipped Kikubaaqudgha.
Kikubaaqudgha was greatly pleased with you.
You were not hungry.

You visited 2 branches of the dungeon, and saw 12 of its levels.
You also visited: Ossuary.

You collected 623 gold pieces.
You spent 243 gold pieces at shops.

Inventory:

Hand Weapons
 a - a +1 flail
 c - a +1 mace of protection
 N - the +7 quarterstaff of Tom Odabbee (weapon) {chaos, Dex+2 Stlth+}
   (You bought it in a shop on level 7 of the Dungeon)

   Each time it hits an enemy it has a different, random effect.
   It affects your dexterity (+2).
   It makes you more stealthy.
 Q - the +11 rapier "Ilocvoocs" {protect, rPois MR- SInv Stlth+, unknown}
   (You found it on level 10 of the Dungeon)

   It protects the one who uses it against injury (+AC on strike).
   It protects you from poison.
   It affects your resistance to hostile enchantments.
   It lets you see invisible.
   It makes you more stealthy.
Missiles
 d - 3 throwing nets (quivered)
 o - 7 tomahawks of returning
Armour
 k - a +2 chain mail of magic resistance
 p - a +0 ring mail
 w - a +2 cloak of poison resistance (worn)
 y - a +0 leather armour of fire resistance (worn)
 A - a +1 pair of gloves (worn)
 P - the +0 helmet of the Lily (worn) {*Drain rElec rN+ Int+2}
   (You found it on level 11 of the Dungeon)

   It affects your intelligence (+2).
   It insulates you from electricity.
   It protects you from negative energy.
   It causes draining when unequipped.
 R - a scarf of resistance
Jewellery
 m - a +2 ring of evasion (left hand)
 r - an amulet of rage (around neck)
 J - a +6 ring of dexterity (right hand)
 K - an uncursed ring of flight
Wands
 C - a wand of confusion (17/48)
 F - a wand of lightning (10/15)
 M - a wand of digging (12/24)
 S - a wand of disintegration (10/24)
Scrolls
 h - 4 scrolls of enchant armour
 i - 4 scrolls of remove curse
 n - 4 scrolls of enchant weapon
 s - 2 scrolls of magic mapping
 z - 3 scrolls of identify
 D - a scroll of recharging
 E - a scroll of teleportation
 O - 3 scrolls of amnesia
Potions
 e - 3 potions of heal wounds
 l - 2 potions of cancellation
 t - 2 potions of flight
 u - 2 potions of lignification
 v - a potion of brilliance
 x - 6 potions of curing
 H - a potion of might
 I - 2 potions of degeneration
 L - a potion of invisibility {unknown}
Books
 b - Kikubaaqudgha's Handbook of Evil Secrets
   (Kikubaaqudgha gifted it to you in an ossuary)

   Spells                             Type                      Level
   a - Animate Skeleton               Necromancy                   1
   b - Corpse Rot                     Necromancy                   2
   c - Sublimation of Blood           Necromancy                   2
   d - Vampiric Draining              Necromancy                   3
   e - Control Undead                 Necromancy                   4
 g - Kikubaaqudgha's Guide on Darkness
   (Kikubaaqudgha gifted it to you on level 8 of the Dungeon)

   Spells                             Type                      Level
   a - Animate Dead                   Necromancy                   4
   b - Excruciating Wounds            Charms/Necromancy            5
   c - Bolt of Draining               Conjuration/Necromancy       5
   d - Agony                          Necromancy                   5
   e - Dispel Undead                  Necromancy                   5
 T - a book of Necromancy

   Spells                             Type                      Level
   a - Pain                           Necromancy                   1
   b - Animate Skeleton               Necromancy                   1
   c - Vampiric Draining              Necromancy                   3
   d - Regeneration                   Charms/Necromancy            3
   e - Animate Dead                   Necromancy                   4
   f - Control Undead                 Necromancy                   4
Comestibles
 f - 4 bread rations
 j - 2 meat rations
 q - 16 royal jellies
 G - 7 fruits
 U - 11 chunks of flesh


   Skills:
 + Level 8.6 Fighting
 - Level 6.9(7.4) Maces & Flails
 + Level 3.6(5.7) Staves
 - Level 1.7 Throwing
 + Level 7.7 Armour
 + Level 8.0 Dodging
 + Level 1.2 Stealth
 + Level 4.8 Spellcasting
 + Level 6.1 Necromancy


You couldn't memorise any spells.
You knew the following spells:

 Your Spells              Type           Power        Failure   Level  Hunger
a - Animate Skeleton      Necr           N/A          1%          1    None
b - Corpse Rot            Necr           N/A          2%          2    ##.....
c - Sublimation of Blood  Necr           ###.......   2%          2    ##.....
d - Animate Dead          Necr           N/A          16%         4    ####...
e - Dispel Undead         Necr           ###.....     41%         5    ######.
f - Agony                 Necr           ###.....     41%         5    ######.


Dungeon Overview and Level Annotations

Branches:
Dungeon (11/15)            Temple (1/1) D:5             Orc (0/2) D:11
   Lair: D:8-11

Altars:
Ashenzari
Cheibriados
Dithmenos
Elyvilon
Fedhas
Gozag
Hepliaklqana
Kikubaaqudgha
Makhleb
Nemelex Xobeh
Okawaru
Qazlal
Ru
Sif Muna
Trog
Uskayaw
Vehumet
Xom
Yredelemnul
Zin
The Shining One

Shops:
D:4 *   D:7 (


Innate Abilities, Weirdness & Mutations

You have large cloven feet.
You are partially covered in icy blue scales. (AC +2)
You are partially covered in sharp spines.


Message History

You kick the stone giant, but do no damage.
The stone giant is heavily wounded.
The stone giant closely misses you.
Press: ? - help, v - describe, . - travel
Here: a storm dragon The floor.
You feel agile all of a sudden.
The storm dragon is struck by your spines.
The storm dragon bites you but does no damage.
The storm dragon claws you but does no damage.
The storm dragon tramples you!
You stumble backwards!
The stone giant throws a large rock.
The large rock hits you!!! The storm dragon bites you!
The storm dragon claws you.
* * * LOW HITPOINT WARNING * * *
The storm dragon closely misses you.
As you read the scroll of teleportation, it crumbles to dust.
You feel strangely unstable.
The stone giant throws a large rock.
The large rock hits you!!
You die...
Kikubaaqudgha rasps: "You have failed me!
Welcome... death!"

.....................#########...
...........#########.# #...
...........# #.# #...
....##'##..# #.# #...
....#...#..# #.# #...
....#...#..#########.#########...
....#...#........................
<...'...#..#####################.
....#####..#.P.P@P.P)'.........#.
...........#..CD....(#.........#.
...........#.........#.........#.
...........#.FP.P.P.P#.........#.
...........#'##############'#####
...#######.#H....... #.)..#. ...#
....#.#.c...H.. #..⌠.#.
...#.....#.#K....... #.⌠.)#.
...#.....#.#cZ...... #....'.


You could see a storm dragon, a sphinx (wandering), a stone giant and a bullfrog
(wandering).

Vanquished Creatures
  Snorg (D:10)
  A two-headed ogre (D:10)
  A cyclops (D:11)
  An ugly thing (D:11)
  A troll (D:9)
  A hornet (D:11)
  A hippogriff (D:8)
  10 yaks
  Grum (D:8)
  A basilisk (D:11)
  2 hungry ghosts
  2 soldier ants (D:11)
  3 water moccasins (D:4)
  3 porcupines
  A black bear (D:11)
  2 sky beasts
  4 ogres
  2 orc warriors (D:10)
  2 phantoms
  5 ice beasts
  8 centaurs
  A necrophage (D:9)
  3 wolves (D:8)
  A crocodile (D:11)
  3 big kobolds
  7 bullfrogs
  2 elf zombies (Ossuary)
  2 scorpions
  3 killer bees (D:11)
  2 howler monkeys
  3 crimson imps
  Crazy Yiuf (D:3)
  5 human zombies (Ossuary)
  5 centaur zombies (Ossuary)
  5 jellies
  9 orc wizards
  8 orc priests
  4 hounds
  A gnoll shaman (D:4)
  Jessica (D:3)
  4 bullfrog skeletons
  19 worker ants
  A hound skeleton (D:9)
  3 mummies (Ossuary)
  A worker ant zombie (D:6)
  Robin (D:3)
  7 gnolls
  11 adders
  A river rat (D:3)
  4 shadow imps
  4 oozes
  An adder zombie (D:7)
  2 worms (D:3)
  10 leopard geckos
  56 orcs
  13 bats
  8 giant cockroaches
  10 hobgoblins
  7 jackals
  2 quokkas
  2 ball pythons
  4 frilled lizards
  10 goblins
  8 kobolds
  A quokka skeleton (D:7)
  2 quokka zombies (D:5)
  5 rats
316 creatures vanquished.

Vanquished Creatures (others)
  A yak (D:9)
  A quokka (D:6)
2 creatures vanquished.

Grand Total: 318 creatures vanquished

Notes
Turn   | Place    | Note
-------+----------+-------------------------------------------
     0 | D:1      | Chifra the Demonspawn Gladiator began the quest for the Orb.
     0 | D:1      | Reached XP level 1. HP: 16/16 MP: 1/1
   162 | D:1      | Gained mutation: You are partially covered in icy blue scales. (AC +2) [demonic ancestry]
   162 | D:1      | Reached XP level 2. HP: 22/22 MP: 2/2
   787 | D:2      | Reached XP level 3. HP: 27/28 MP: 3/3
  1775 | D:3      | Noticed Jessica
  1792 | D:3      | Killed Jessica
  1792 | D:3      | Reached skill level 1 in Armour
  1928 | D:3      | Reached XP level 4. HP: 34/35 MP: 4/4
  1987 | D:3      | Noticed Robin
  2336 | D:3      | Killed Robin
  2374 | D:3      | Reached XP level 5. HP: 36/41 MP: 5/5
  3015 | D:3      | Found a runed door.
  3019 | D:3      | Noticed Crazy Yiuf
  3031 | D:3      | Killed Crazy Yiuf
  3611 | D:4      | Gained mutation: You have large cloven feet. [demonic ancestry]
  3611 | D:4      | Reached XP level 6. HP: 48/48 MP: 6/6
  3755 | D:4      | Found Haodghad's Serpentskin Sales.
  3755 | D:4      | Noticed a water moccasin
  3755 | D:4      | Noticed a water moccasin
  3756 | D:4      | Noticed a water moccasin
  3786 | D:4      | Killed a water moccasin
  4014 | D:4      | Killed a water moccasin
  4100 | D:4      | Reached XP level 7. HP: 36/55 MP: 7/7
  4172 | D:4      | Found a hide-covered altar of Uskayaw.
  4592 | D:5      | Entered Level 5 of the Dungeon
  4607 | D:5      | Reached skill level 5 in Fighting
  4625 | D:5      | Found an opulent altar of Gozag.
  4935 | D:5      | Reached XP level 8. HP: 54/62 MP: 8/8
  5142 | D:5      | Found a basalt altar of Yredelemnul.
  5216 | D:5      | Found an iron altar of Okawaru.
  5412 | D:4      | Reached skill level 5 in Maces & Flails
  5705 | D:5      | Found a staircase to the Ecumenical Temple.
  5705 | D:5      | Found a hazy altar of Hepliaklqana.
  5705 | D:5      | Found a white marble altar of Elyvilon.
  5706 | D:5      | Found a glowing golden altar of the Shining One.
  5706 | D:5      | Found a hazy altar of Hepliaklqana.
  5710 | D:5      | Found a shattered altar of Ashenzari.
  5710 | D:5      | Found an iron altar of Okawaru.
  5711 | D:5      | Found a burning altar of Makhleb.
  5711 | D:5      | Found a sacrificial altar of Ru.
  5711 | D:5      | Found a deep blue altar of Sif Muna.
  5711 | D:5      | Found a sparkling altar of Nemelex Xobeh.
  5711 | D:5      | Found a glowing golden altar of the Shining One.
  5711 | D:5      | Found a shimmering altar of Xom.
  5728 | Temple   | Entered the Ecumenical Temple
  5794 | Temple   | Became a worshipper of Kikubaaqudgha
  5851 | D:5      | Reached skill level 5 in Dodging
  6435 | D:6      | Found a sand-covered staircase.
  6442 | Ossuary  | Entered an ossuary
  6518 | Ossuary  | Reached skill level 5 in Armour
  6693 | Ossuary  | Reached * piety under Kikubaaqudgha
  6693 | Ossuary  | Identified Kikubaaqudgha's Handbook of Evil Secrets (Kikubaaqudgha gifted it to you in an ossuary)
  6693 | Ossuary  | Received a gift from Kikubaaqudgha
  6724 | Ossuary  | Gained mutation: You are partially covered in sharp spines. [demonic ancestry]
  6724 | Ossuary  | Reached XP level 9. HP: 70/70 MP: 9/9
  6731 | Ossuary  | Learned a level 1 spell: Animate Skeleton
  6734 | Ossuary  | Learned a level 2 spell: Corpse Rot
  6737 | Ossuary  | Learned a level 2 spell: Sublimation of Blood
  6841 | D:6      | Found a glowing golden altar of the Shining One.
  6841 | D:6      | Found a sparkling altar of Nemelex Xobeh.
  7373 | D:6      | Found a white marble altar of Elyvilon.
  7386 | D:6      | Reached skill level 1 in Necromancy
  7599 | D:6      | Reached skill level 1 in Spellcasting
  8122 | D:7      | Reached ** piety under Kikubaaqudgha
  8287 | D:7      | Found Ziukev's Antique Weapon Emporium.
  8461 | D:7      | Found a burning altar of Makhleb.
  8735 | D:8      | Reached XP level 10. HP: 28/79 MP: 13/13
  9049 | D:8      | Found a bloodstained altar of Trog.
  9140 | D:8      | Found a hazy altar of Hepliaklqana.
  9186 | D:8      | Noticed Grum
  9404 | D:8      | Killed Grum
  9593 | D:8      | Reached *** piety under Kikubaaqudgha
  9593 | D:8      | Identified Kikubaaqudgha's Guide on Darkness (Kikubaaqudgha gifted it to you on level 8 of the Dungeon)
  9593 | D:8      | Received a gift from Kikubaaqudgha
  9609 | D:8      | Learned a level 4 spell: Animate Dead
  9615 | D:8      | Learned a level 5 spell: Dispel Undead
 10068 | D:9      | Found a shadowy altar of Dithmenos.
 10371 | D:7      | Bought an encrusted quarterstaff for 243 gold pieces
 10371 | D:7      | Identified the +7 quarterstaff of Tom Odabbee {chaos, Dex+2 Stlth+} (You bought it in a shop on level 7 of the Dungeon)
 10422 | D:9      | Found a shimmering altar of Xom.
 10561 | D:9      | Reached skill level 1 in Staves
 11732 | D:10     | Entered Level 10 of the Dungeon
 11748 | D:10     | Reached skill level 5 in Necromancy
 12098 | D:10     | Got an ichor-stained rapier
 12112 | D:10     | Noticed Snorg
 12124 | D:10     | Killed Snorg
 12124 | D:10     | Reached XP level 11. HP: 86/86 MP: 15/17
 12801 | D:11     | Got a polished helmet
 12865 | D:11     | Identified the +0 helmet of the Lily {*Drain rElec rN+ Int+2} (You found it on level 11 of the Dungeon)
 12885 | D:11     | Reached **** piety under Kikubaaqudgha
 13027 | D:11     | Found a staircase to the Orcish Mines.
 13585 | D:11     | Learned a level 5 spell: Agony
 13591 | D:11     | Noticed a purple ugly thing
 13605 | D:11     | Killed a purple ugly thing
 13995 | D:10     | Noticed a two-headed ogre
 14004 | D:10     | Killed a two-headed ogre
 14004 | D:10     | Reached skill level 1 in Stealth
 14080 | D:10     | Noticed a sphinx
 14080 | D:10     | Noticed a stone giant
 14126 | D:10     | Noticed a storm dragon
 14129 | D:10     | Hit by a large rock thrown by a stone giant

Skill      XL: |  1  2  3  4  5  6  7  8  9 10 11 |
---------------+----------------------------------+-----
Dodging        | 3 4 5 6 7 8 |  8.0
Fighting       | 3 4 5 6 7 8 |  8.6
Maces & Flails | 3 4 5 6 |  6.9
Armour         | 1 2 3 4 5 6 7 |  7.7
Necromancy     | 3 5 6 |  6.1
Spellcasting   | 2 4 |  4.8
Staves         | 2 3 |  3.6
Stealth        | 1 |  1.2
Throwing       | |  1.7

Action                   |  1- 3 |  4- 6 |  7- 9 | 10-12 || total
-------------------------+-------+-------+-------+-------++-------
Melee: Flail             |   115 |   269 |   535 |    75 ||   994
       Kick              |       |    11 |   159 |   105 ||   275
       Quarterstaff      |       |       |       |   199 ||   199
 Cast: Animate Dead      |       |       |       |     1 ||     1
  Use: Scroll            |     6 |     6 |     8 |    10 ||    30
       Potion            |       |     5 |     1 |     3 ||     9
 Stab: Paralysed         |       |       |       |     3 ||     3
       Sleeping          |       |       |       |     3 ||     3
  Eat: Chunk             |     3 |     7 |     6 |     4 ||    20
       Meat ration       |       |     1 |     3 |     3 ||     7
Armor: Ring mail         |    45 |       |    43 |    68 ||   156
       Chain mail        |    32 |   224 |   236 |       ||   492
       Skin              |       |    39 |       |       ||    39
       Leather armour    |       |       |     1 |    21 ||    22
Dodge: Dodged            |    98 |   138 |   293 |   293 ||   822
